 Dungeon Crawl Stone Soup version 0.27.1-33-g824d729ab1 (webtiles) character file.

Game seed: 13518828210156755735

32157 safid the Peltast (level 13, -17/166 HPs)
             Began as a Hill Orc Fighter on Dec 21, 2021.
             Was the Champion of Beogh.
             Killed from afar by a frost giant (22 damage)
             ... with a bolt of cold
             ... in an ice cave.
             The game lasted 00:35:50 (16825 turns).

safid the Peltast (Hill Orc Fighter)               Turns: 16825, Time: 00:35:51

Health: -17/166    AC: 26    Str: 24    XL:     13   Next: 62%
Magic:  20/20      EV:  2    Int:  8    God:    Beogh [******]
Gold:   538        SH: 14    Dex: 10    Spells: 12/12 levels left

rFire    + . .     SeeInvis .   w - +11 flail of Infinity {pain, rElec rPois Will+}
rCold    + . .     Faith    +   c - +0 kite shield
rNeg     + + +     Spirit   .   (armour currently unavailable)
rPois    +         Reflect  .   (helmet currently unavailable)
rElec    +         Harm     .   (cloak currently unavailable)
rCorr    +         Rampage  .   (gloves currently unavailable)
Will     +....     NoTele   +   (boots currently unavailable)
Stlth    +.........             z - amulet of faith
HPRegen  0.37/turn              h - ring of positive energy
MPRegen  0.17/turn              b - +4 ring of evasion

@: tree-form, resistant
A: stationary, stasis, torment immunity, boosted hp, walk on water
a: Renounce Religion, Smiting, Recall Orcish Followers, Give Item to Named
Follower, Resurrection


You were in an ice cave.
You worshipped Beogh.
Beogh was exalted by your worship.
You were a tree.
You visited 2 branches of the dungeon, and saw 14 of its levels.
You also visited: Ice Cave.

You collected 955 gold pieces.
You spent 417 gold pieces at shops.

Inventory:

Hand Weapons
 l - a +0 vampiric broad axe
 w - the +11 flail of Infinity (weapon) {pain, rElec rPois Will+}
   (You found it on level 5 of the Dungeon)

   In the hands of one skilled in necromantic magic, it inflicts extra damage on
   living creatures.
   rElec:     It insulates you from electricity.
   rPois:     It protects you from poison.
   Will:      It increases your willpower.
Missiles
 k - 4 javelins
 r - a throwing net
 D - 52 poisoned darts (quivered)
Armour
 c - a +0 kite shield (worn)
 d - a +1 pair of boots of rampaging (melded)
 e - a +1 cloak (melded)
 s - a +0 crystal plate armour of cold resistance
 L - a +0 pair of gloves (melded)
 P - the +5 plate armour of the Shore (melded) {rElec Regen+}
   (You found it on level 11 of the Dungeon)

   rElec:     It insulates you from electricity.
   Regen:     It increases your rate of health regeneration.
Jewellery
 b - a +4 ring of evasion (right branch)
 h - a ring of positive energy (left branch)
 z - an amulet of faith (around neck)
Wands
 q - a wand of flame (20)
 v - a wand of mindburst (41)
 x - a wand of paralysis (6)
Scrolls
 a - 6 scrolls of blinking
 f - 8 scrolls of teleportation
 p - a scroll of holy word
 u - a scroll of silence {unknown}
 y - 4 scrolls of brand weapon
 A - 4 scrolls of fear
 B - a scroll of acquirement {unknown}
 F - 2 scrolls of summoning
 G - 6 scrolls of enchant weapon
 J - a scroll of fog {unknown}
Potions
 i - a potion of brilliance {unknown}
 j - 2 potions of attraction {unknown}
 m - 2 potions of invisibility {unknown}
 n - a potion of magic {unknown}
 t - 5 potions of curing
 C - 2 potions of lignification
 H - a potion of heal wounds {unknown}
 I - a potion of degeneration {unknown}
 K - a potion of flight {unknown}
 N - 2 potions of mutation {unknown}
 O - a potion of haste {unknown}
Miscellaneous
 o - a phantom mirror


   Skills:
 + Level 9.3 Fighting
 - Level 8.6(13.1) Axes
 - Level 13.3(14.0) Maces & Flails
 - Level 4.0 Armour
 - Level 15.0 Shields
 - Level 4.0 Necromancy
 + Level 10.4 Invocations


You had 12 spell levels left.
You didn't know any spells.
Your spell library contained the following spells:

 Spells                   Type           Power      Damage    Failure   Level
 Animate Skeleton         Necr           12%        N/A       9%          1
 Pain                     Necr           24%        1d5       9%          1
 Vampiric Draining        Necr           3%         2d6       26%         3
 Corpse Rot               Necr/Air       N/A        N/A       28%         2
 Beastly Appendage        Tmut           0%         N/A       41%         1
 Ensorcelled Hibernation  Hex/Ice        0%         N/A       54%         2
 Poisonous Vapours        Pois/Air       0%         N/A       54%         2
 Wereblood                Tmut           0%         N/A       54%         2
 Spider Form              Tmut/Pois      0%         N/A       78%         3
 Stone Arrow              Conj/Erth      0%         3d7       78%         3
 Animate Armour           Summ/Erth      0%         N/A       99%         4
 Freezing Cloud           Conj/Ice/Air   0%         6-21      100%        5
 Shadow Creatures         Summ           N/A        N/A       100%        6
 Lehudib's Crystal Spear  Conj/Erth      0%         10d2      100%        8


Dungeon Overview and Level Annotations

Branches:
Dungeon (11/15)            Temple (0/1) D:6            Lair (3/6) D:10
    Orc (0/2) D:11          IceCv (1/1)
  Swamp: Lair:2-4    Shoals: Lair:2-4     Snake: Lair:2-4    Spider: Lair:2-4

Altars:
Cheibriados
Ru
Sif Muna
Uskayaw
Xom
Zin

Shops:
D:1 *=(=[   D:2 =   D:7 [=(:

Annotations:
D:8 3 runed translucent doors, coolguy420's ghost, novice DECj


Message History

You thump the death yak!
The death yak writhes in agony.
The death yak is moderately wounded.
The death yak gores you but does no damage.
The yak completely misses you.
The frost giant gestures at you while chanting.
The bolt of cold hits you!! You resist.
Unknown command.
You hit the death yak.
The death yak writhes in agony.
The death yak is heavily wounded.
Unknown command.
You barely miss the death yak.
The death yak is heavily wounded.
You block the death yak's attack. The yak gores you.
The frost giant hits you with a +0 battleaxe of freezing.
Unknown command.
You completely miss the death yak.
The death yak is heavily wounded.
The death yak gores you but does no damage.
You block the yak's attack. The frost giant completely misses you.
Unknown command.
You sock the death yak!
The death yak writhes in agony.
The death yak is heavily wounded.
The death yak gores you!
Unknown command.
You barely miss the death yak.
The death yak is heavily wounded.
The yak gores you!
* * * LOW HITPOINT WARNING * * *
The frost giant hits you with a +0 battleaxe of freezing!!
* * * LOW HITPOINT WARNING * * *
The frost giant freezes you.
* * * LOW HITPOINT WARNING * * *
You cannot blink because you are held in place by your roots.
Unknown command.
You feel better. The death yak gores you!!
* * * LOW HITPOINT WARNING * * *
The yak barely misses you. The frost giant casts a spell at you.
The bolt of cold hits you!! You resist.
You die...

## ##.# ###
#...#### ##.##
)$#..hY#.#
##.#o#
#...hYC#o##
##.#.##
#Y♣#.## #.####
##Y##.# #..##
#####o##
##...#
##..#.##
##..⌠.#
#......#
#.....##
##.##...#
##..#...#
#..##..)#
#..###..##
#.####.####.##
##.†# #..#####
#..# ##.#


You could see a frost giant (ally target), 2 death yaks, a polar bear, 2 yaks, a
wolf and the friendly Gorg the orc knight.

Vanquished Creatures
  A boulder beetle (Lair:1)
  2 hydras
  2 two-headed ogres
  3 death yaks (IceCv)
  2 cyclopes (D:11)
  3 black mambas
  An ice statue (IceCv)
  A rime drake (Lair:1)
  A cane toad (Lair:2)
  Maggie (Lair:2)
  5 komodo dragons
  2 kobold demonologists
  An ice devil (Lair:3)
  2 trolls
  8 polar bears (IceCv)
  2 meliai zombies (D:10)
  3 blink frogs (Lair:2)
  A vampire (D:11)
  Sigmund (D:4)
  50 yaks
  5 wyverns
  3 basilisks
  4 steam dragons
  13 water moccasins
  An orc warrior (D:7)
  5 sky beasts
  3 black bears
  An ice beast (D:7)
  2 ogres
  2 necrophages
  10 wolves (IceCv)
  5 centaurs
  A phantom (D:4)
  5 bullfrogs
  3 gnoll sergeants
  A wyvern skeleton (D:6)
  8 killer bees
  A water moccasin skeleton (D:5)
  4 wights
  2 howler monkeys
  An electric eel (D:7)
  7 centaur zombies
  A jelly (D:7)
  A gnoll shaman (D:6)
  6 orc priests
  2 centaur skeletons
  3 hounds
  Natasha (thrice) (D:4)
  5 iguanas
  11 orc wizards
  A hound skeleton (D:4)
  A howler monkey zombie (D:6)
  12 gnolls
  A shadow imp (D:5)
  2 white imps
  An adder skeleton (D:4)
  A worm (D:5)
  3 dart slugs
  26 orcs
  9 ball pythons
  7 bats
  2 endoplasms (D:1)
  2 giant cockroaches
  6 goblins
  8 hobgoblins
  5 quokkas
  2 frilled lizards (D:1)
  13 kobolds
  A quokka skeleton (D:4)
  8 rats
322 creatures vanquished.

Vanquished Creatures (collateral kills)
  The ghost of pkoi the Brawler, a journeyman DrMo of the Shining One (Lair:2)
  A boulder beetle (D:11)
  2 death yaks (IceCv)
  2 cane toads
  A komodo dragon (Lair:2)
  An ice devil (Lair:3)
  3 blink frogs (Lair:2)
  9 yaks
  A basilisk (Lair:2)
  2 wolves (IceCv)
  An orc priest (D:11)
  2 iguanas (Lair:2)
  4 orcs
  A plant (Lair:3)
31 creatures vanquished.

Vanquished Creatures (others)
  An orc priest (IceCv)
  2 orc wizards (Lair:2)
  3 orc warriors
  8 orcs
  32 fungi
  71 plants
  7 toadstools (D:1)
124 creatures vanquished.

Grand Total: 477 creatures vanquished

Notes
Turn   | Place    | Note
-------+----------+-------------------------------------------
     0 | D:1      | safid the Hill Orc Fighter began the quest for the Orb.
     0 | D:1      | Reached XP level 1. HP: 19/19 MP: 1/1
   136 | D:1      | Found Suoseph's Antique Weapon Boutique.
   451 | D:1      | Found Kojuykke's Antique Armour Emporium.
   545 | D:1      | Reached XP level 2. HP: 27/27 MP: 2/2
   677 | D:1      | Found Cughisit's Jewellery Emporium.
   691 | D:1      | Found Tinohuqu's General Store.
   718 | D:1      | Found Foax's Jewellery Emporium.
   895 | D:1      | Reached XP level 3. HP: 27/33 MP: 3/3
  1006 | D:1      | You fall into a shaft and drop 1 floor!
  1006 | D:2      | Found Xotanaf's Jewellery Shop.
  1178 | D:1      | Found a faded altar of an unknown god.
  1878 | D:2      | Found a shimmering blue altar of Sif Muna.
  2023 | D:3      | Reached XP level 4. HP: 40/40 MP: 4/4
  2033 | D:3      | Reached skill level 4 in Shields
  2427 | D:3      | Noticed an ogre
  2436 | D:3      | Killed an ogre
  2437 | D:3      | Reached XP level 5. HP: 17/46 MP: 5/5
  2635 | D:3      | Found a shimmering altar of Xom.
  3042 | D:4      | Noticed a necrophage
  3049 | D:4      | Killed a necrophage
  3050 | D:4      | Reached skill level 5 in Axes
  3050 | D:4      | Reached skill level 5 in Shields
  3050 | D:4      | Reached XP level 6. HP: 50/52 MP: 6/6
  3595 | D:4      | Noticed Natasha
  3604 | D:4      | Killed Natasha
  3856 | D:4      | Noticed Sigmund
  3865 | D:4      | Killed Sigmund
  3866 | D:4      | Reached skill level 6 in Shields
  3866 | D:4      | Reached XP level 7. HP: 59/59 MP: 7/7
  3908 | D:4      | Found a glowing silver altar of Zin.
  3988 | D:4      | Noticed Natasha
  3996 | D:4      | Killed Natasha
  4096 | D:4      | Noticed Natasha
  4103 | D:4      | Killed Natasha
  4291 | D:5      | Entered Level 5 of the Dungeon
  4468 | D:1      | Bought a pair of glowing boots for 180 gold pieces
  4619 | D:5      | Reached skill level 7 in Shields
  4647 | D:5      | Reached XP level 8. HP: 30/66 MP: 8/8
  4667 | D:5      | Identified the +11 flail of Infinity {pain, rElec rPois
                  | Will+}
  5174 | D:5      | Became a worshipper of Beogh the Brigand
  5502 | D:5      | Reached skill level 1 in Maces & Flails
  5810 | D:6      | Reached skill level 8 in Shields
  6146 | D:6      | Reached skill level 1 in Necromancy
  6412 | D:6      | Found a snail-covered altar of Cheibriados.
  6503 | D:6      | Found a staircase to the Ecumenical Temple.
  6770 | D:6      | Reached * piety under Beogh
  6777 | D:6      | Reached XP level 9. HP: 67/71 MP: 9/9
  7223 | D:7      | Reached skill level 9 in Shields
  7592 | D:7      | Found Emiorph's Jewellery Shoppe.
  7614 | D:7      | Reached skill level 5 in Maces & Flails
  8115 | D:7      | Found Huorch's Book Shoppe.
  8221 | D:7      | Noticed a troll
  8228 | D:7      | Reached skill level 10 in Shields
  8228 | D:7      | Reached ** piety under Beogh
  8234 | D:7      | Killed a troll
  8384 | D:7      | Found Xoejof's Antique Armour Shoppe.
  8455 | D:7      | Reached XP level 10. HP: 78/78 MP: 10/10
  8455 | D:7      | Found Lirotyd's Weapon Emporium.
  9014 | D:8      | Found a sacrificial altar of Ru.
  9109 | D:8      | Reached skill level 1 in Invocations
  9210 | D:8      | Found a runed translucent gate.
  9210 | D:8      | Found a runed translucent gate.
  9210 | D:8      | Found a runed translucent gate.
  9210 | D:8      | Noticed a kobold demonologist
  9213 | D:8      | Noticed coolguy420's ghost (novice DECj)
  9669 | D:9      | Reached skill level 11 in Shields
 10096 | D:9      | Noticed a kobold demonologist
 10101 | D:9      | Killed a kobold demonologist
 10101 | D:9      | Reached *** piety under Beogh
 10875 | D:7      | Bought a pair of fine gloves for 237 gold pieces
 10875 | D:7      | Identified the +0 pair of gloves "Jiolam" {Fly rF- rC-
                  | Int+9} (You bought it in a shop on level 7 of the Dungeon)
 10997 | D:10     | Entered Level 10 of the Dungeon
 11223 | D:10     | Found a hide-covered altar of Uskayaw.
 11224 | D:10     | Noticed a two-headed ogre
 11237 | D:10     | Killed a two-headed ogre
 11238 | D:10     | Reached skill level 5 in Invocations
 11388 | D:10     | Reached XP level 11. HP: 74/84 MP: 14/14
 11404 | D:10     | Reached skill level 12 in Shields
 11663 | D:10     | Reached skill level 10 in Maces & Flails
 12103 | D:10     | Found a staircase to the Lair.
 12554 | Lair:1   | Entered Level 1 of the Lair of Beasts
 12868 | D:11     | Reached **** piety under Beogh
 12875 | D:11     | Reached skill level 13 in Shields
 12891 | D:11     | Found a staircase to the Orcish Mines.
 13046 | D:11     | Noticed a sixfirhy
 13055 | D:11     | Identified the +5 plate armour of the Shore {rElec Regen+}
 13582 | D:11     | Noticed a boulder beetle
 13599 | D:11     | Killed a boulder beetle
 13610 | D:11     | Noticed a two-headed ogre
 13620 | D:11     | Killed a two-headed ogre
 13621 | D:11     | Reached XP level 12. HP: 65/91 MP: 15/15
 13712 | D:11     | Found a shimmering blue altar of Sif Muna.
 14418 | Lair:1   | Found a transporter.
 14420 | Lair:1   | Found a transporter.
 14521 | Lair:1   | Reached skill level 14 in Shields
 14943 | Lair:1   | Noticed a boulder beetle
 15054 | Lair:1   | Killed a boulder beetle
 15162 | Lair:2   | Reached ***** piety under Beogh
 15390 | Lair:2   | Noticed Maggie
 15401 | Lair:2   | Killed Maggie
 15447 | Lair:2   | Noticed a six-headed hydra
 15450 | Lair:2   | Killed a six-headed hydra
 15476 | Lair:2   | Reached skill level 15 in Shields
 15640 | Lair:2   | Found a runed translucent gate.
 15640 | Lair:2   | Found a runed translucent gate.
 15642 | Lair:2   | Found a runed translucent gate.
 15645 | Lair:2   | Noticed pkoi's ghost (journeyman DrMo)
 16028 | Lair:2   | Killed pkoi's ghost
 16029 | Lair:2   | Reached skill level 5 in Fighting
 16061 | Lair:3   | Noticed a four-headed hydra
 16094 | Lair:3   | Killed a four-headed hydra
 16095 | Lair:3   | Reached XP level 13. HP: 78/102 MP: 16/18
 16293 | Lair:3   | Found a frozen archway.
 16349 | IceCv    | Entered an ice cave
 16577 | IceCv    | Gained Gorg as an ally
 16737 | IceCv    | Reached ****** piety under Beogh
 16738 | IceCv    | Reached skill level 10 in Invocations
 16807 | IceCv    | Noticed a frost giant
 16825 | IceCv    | HP: 5/166 [death yak (19)]
 16825 | IceCv    | Killed from afar by a frost giant

Illustrated notes

Levels and vault maps discovered:
D:1:      nagdon_arrival_double_spiral, layout_loops_ring,
          ebering_ecumenical_altar_sacrificial, serial_shops,
          nicolae_shop_overgrown_old_shop, shop, shop, shop, nicolae_shop_trees,
          minmay_bisected
D:2:      layout_rooms, serial_shops, shop, basic_altar
D:3:      layout_basic, mainiacjoe_overflow_alcove_4
D:4:      layout_basic, zin_scriptorium, st_stairs_1, uniq_sigmund, uniq_natasha
D:5:      layout_basic, serial_bayou_lagoon_a, minmay_fractal_squares_gapless_5
D:6:      minmay_diamond_boxcup, layout_cave_pods, pf_just_have_faith,
          minmay_temple_entry_antechambers
D:7:      layout_loops_ring, serial_shops, nicolae_square_shop,
          nicolae_shop_waterfront, nicolae_shop_crystal, nicolae_lakefront_shop,
          kennysheep_generic_room_4
D:8:      layout_basic, nicolae_overflow_hidden_temple,
          mainiacjoe_overflow_catwalk, gammafunk_ghost_nasty_kobolds
D:9:      layout_stronghold
D:10:     layout_basic, nicolae_uskayaw_murder_on_the_dancefloor,
          minmay_lair_entry_grove
D:11:     layout_loops_corners, hiddenorc2_lemuel, led_sif_book
Lair:1:   gammafunk_boulding_lane, layout_cellular_growth, grunt_megastairs_2
Lair:2:   beast_lair_carwin_large_1, layout_long_grid,
          ebering_ghost_rock_garden, serial_bayou_pond_c, st_stairs_4,
          uniq_maggie
Lair:3:   layout_loops_ring, minmay_swamp_entry_worms,
          portal_ice_cave_demonic_guard, pf_torpor_hydra
IceCv:    ice_cave_caverns_01

Skill      XL: |  1  2  3  4  5  6  7  8  9 10 11 12 13 |
---------------+----------------------------------------+-----
Axes           | 3 4 5 7 8 |  8.6
Fighting       | 4 6 9 |  9.3
Armour         | 4 |  4.0
Shields        | 4 5 6 7 8 10 11 13 15 | 15.0
Maces & Flails | 4 7 9 11 13 | 13.3
Necromancy     | 3 4 |  4.0
Invocations    | 5 7 10 | 10.4

Action                   |  1- 3 |  4- 6 |  7- 9 | 10-12 | 13-15 || total
-------------------------+-------+-------+-------+-------+-------++-------
Melee: War axe           |   114 |       |       |       |       ||   114
       Broad axe         |    34 |   107 |    60 |       |       ||   201
       Flail             |       |       |   160 |   554 |   207 ||   921
Throw: Javelin           |       |     2 |       |       |       ||     2
       Dart              |       |       |       |    16 |     3 ||    19
Invok: Convert to Beogh  |       |       |     1 |       |       ||     1
       Recall Orcish Fol |       |       |       |     2 |     1 ||     3
  Use: Scroll            |       |     1 |     1 |    11 |       ||    13
       Potion            |       |     1 |       |     1 |     4 ||     6
 Stab: Distracted        |       |       |       |     3 |       ||     3
       Paralysed         |       |       |       |     2 |       ||     2
       Confused          |       |       |       |     1 |       ||     1
Armor: Scale mail        |    78 |    50 |    29 |       |       ||   157
       Ring mail         |       |       |    46 |    55 |       ||   101
       Plate armour      |       |       |       |   164 |    77 ||   241
       Skin              |       |       |       |       |     3 ||     3
Dodge: Dodged            |    44 |    38 |   102 |   176 |    40 ||   400
Block: Kite shield       |   103 |    74 |   156 |   338 |   118 ||   789
